 Dungeon Crawl Stone Soup version 0.23-b1-3-gdda8187 (webtiles) character file.

Game seed: 9392144807632671370

180 redwoodhats the Insei (level 5, -1/55 HPs)
             Began as a Demonspawn Transmuter on Jan 31, 2019.
             Slain by an adder (3 damage)
             ... on level 4 of the Dungeon.
             The game lasted 00:26:09 (3526 turns).

redwoodhats the Insei (Demonspawn Transmuter)       Turns: 3526, Time: 00:26:10

Health: -1/55      AC:  2    Str: 15    XL:     5   Next: 33%
Magic:  18/18      EV: 12    Int: 16    God:
Gold:   220        SH:  0    Dex: 13    Spells: 7/10 levels left

rFire    . . .     SeeInvis +     - Unarmed
rCold    . . .     Gourm    .   (no shield)
rNeg     . . .     Faith    .   b - +0 robe
rPois    .         Spirit   .   (helmet restricted)
rElec    .         Reflect  .   (no cloak)
rCorr    .         Harm     .   (no gloves)
MR       .....                  (no boots)
Stlth    ..........             (no amulet)
HPRegen  0.18/turn              m - ring of magical power
MPRegen  0.16/turn              c - ring of see invisible

@: berserking, lethally poisoned (-1 -> -9), very quick
A: antennae 1, powered by death 1
a: no special abilities


You were on level 4 of the Dungeon.
You were not hungry.

You visited 1 branch of the dungeon, and saw 4 of its levels.

You collected 220 gold pieces.

Inventory:

Hand Weapons
 f - a cursed -1 spear
 h - a +0 club
 o - a +0 morningstar
Missiles
 a - 49 arrows
 g - 6 javelins (quivered)
Armour
 b - a +0 robe (worn)
Jewellery
 c - a ring of see invisible (right hand)
 m - a ring of magical power (left hand)
Scrolls
 j - a scroll of amnesia
 k - 2 scrolls of identify
 l - 2 scrolls of teleportation
 p - a scroll of fear {unknown}
Potions
 e - a potion of berserk rage
 i - a potion of lignification
 n - a potion of haste
Comestibles
 d - 3 rations


   Skills:
 + Level 1.2 Fighting
 + Level 0.1 Throwing
 + Level 2.3 Dodging
 + Level 1.0 Stealth
 + Level 3.7 Unarmed Combat
 + Level 3.0 Spellcasting
 + Level 2.9 Transmutations


You had 7 spell levels left.
You knew the following spells:

 Your Spells              Type           Power        Failure   Level  Hunger
a - Beastly Appendage     Tmut           ##....       5%          1    #......
b - Sticks to Snakes      Tmut           ##......     9%          2    ##.....

Your spell library contained the following spells:

 Spells                   Type           Power        Failure   Level  Hunger
 Spider Form              Tmut/Pois      #.........   30%         3    ###....
 Ice Form                 Ice/Tmut       #.......     71%         4    #####..
 Blade Hands              Tmut           ##........   83%         5    ######.


Dungeon Overview and Level Annotations

Branches:
Dungeon (4/15)
 Temple: D:4-7

Altars:
Cheibriados
Fedhas
Nemelex Xobeh
Uskayaw


Innate Abilities, Weirdness & Mutations

You have a pair of small antennae on your head.
You regenerate a little health from kills.


Message History

Your talons disappear.
* * * LOW HITPOINT WARNING * * *
You feel sick. The adder bites you but does no damage.
You barely miss the adder.
The adder is moderately wounded.
* * * LOW HITPOINT WARNING * * *
You feel sick.
You are too berserk!
Found a ration.
You feel a strong urge to attack something.
The adder barely misses you.
You closely miss the adder.
The adder is moderately wounded.
* * * LOW HITPOINT WARNING * * *
You feel sick. The adder bites you.
* * * LOW HITPOINT WARNING * * *
You are more poisoned.
The adder poisons you! The adder bites you.
You die...

##......#...###.
........#...............
........#...............
......%.#...............
........#...............
........#...............
#.....##....###...####
###.....##....########
.......@.......#......
........S......'......
...............#......
.####...######## ..###
#.$.# .# #..... .#
#..... # #..... ####..#


You could see an adder.

Vanquished Creatures
  A bullfrog skeleton (D:4)
  4 adders
  2 worms (D:2)
  4 leopard geckos
  An orc (D:3)
  5 bats
  2 giant cockroaches
  8 goblins
  8 hobgoblins
  2 jackals (D:1)
  6 kobolds
  A frilled lizard (D:1)
  7 rats
51 creatures vanquished.

Vanquished Creatures (collateral kills)
  A hound (D:4)
  A bullfrog skeleton (D:4)
  An adder (D:3)
  A dart slug (D:2)
  A worm (D:3)
  An orc (D:3)
  A bat (D:1)
  A goblin (D:3)
  A hobgoblin (D:3)
  A kobold (D:1)
10 creatures vanquished.

Grand Total: 61 creatures vanquished

Notes
Turn   | Place    | Note
-------+----------+-------------------------------------------
     0 | D:1      | redwoodhats the Demonspawn Transmuter began the quest for
                  | the Orb.
     0 | D:1      | Reached XP level 1. HP: 15/15 MP: 3/3
   308 | D:1      | Gained mutation: You regenerate a little health from kills.
                  | [demonic ancestry]
   308 | D:1      | Reached XP level 2. HP: 3/21 MP: 3/5
   381 | D:1      | Learned a level 2 spell: Sticks to Snakes
  1235 | D:1      | Gained mutation: You have a pair of small antennae on your
                  | head. [demonic ancestry]
  1235 | D:1      | Reached XP level 3. HP: 26/26 MP: 4/6
  1978 | D:2      | Found a snail-covered altar of Cheibriados.
  2496 | D:3      | Found a sparkling altar of Nemelex Xobeh.
  2496 | D:3      | Found a blossoming altar of Fedhas.
  2502 | D:3      | Reached XP level 4. HP: 25/32 MP: 7/7
  3136 | D:3      | Found a hide-covered altar of Uskayaw.
  3492 | D:4      | Reached skill level 1 in Stealth
  3492 | D:4      | Reached XP level 5. HP: 18/37 MP: 9/9
  3525 | D:4      | HP: 1/55 [adder (2)]
  3526 | D:4      | Slain by an adder

Skill      XL: |  1  2  3  4  5 |
---------------+----------------+-----
Transmutations | 2 |  2.9
Dodging        | 2 |  2.3
Unarmed Combat | 3 |  3.7
Stealth        | 1 |  1.0
Spellcasting   | 3 |  3.0
Fighting       | |  1.2
Throwing       | |  0.1

Action                   |  1- 3 |  4- 6 || total
-------------------------+-------+-------++-------
Melee: Unarmed           |   146 |    68 ||   214
       Kick              |    16 |     8 ||    24
       Headbutt          |     2 |       ||     2
       Punch             |       |     1 ||     1
Throw: Javelin           |       |     3 ||     3
 Cast: Beastly Appendage |    25 |    11 ||    36
       Sticks to Snakes  |     7 |     6 ||    13
  Use: Scroll            |     6 |     1 ||     7
       Potion            |     6 |     1 ||     7
 Stab: Sleeping          |     3 |       ||     3
  Eat: Ration            |     2 |     1 ||     3
Armor: Robe              |    35 |    14 ||    49
Dodge: Dodged            |   115 |    41 ||   156
